 Dungeon Crawl Stone Soup version 0.28-a0-1629-gf728b707aa (webtiles) character file.

Game seed: 1843648179599627699

355 parzival7114810 the Chopper (level 6, 0/55 HPs)
             Began as a Hill Orc Fighter on Jan 24, 2022.
             Was a Follower of Beogh.
             Splashed by a jelly's acid (12 damage)
             ... on level 4 of the Dungeon.
             The game lasted 00:11:28 (6726 turns).

parzival7114810 the Chopper (Hill Orc Fighter)      Turns: 6726, Time: 00:11:30

Health: 0/55       AC: -2    Str: 21    XL:     6   Next: 63%
Magic:  6/6        EV:  9    Int:  8    God:    Beogh [*.....]
Gold:   76         SH:  5    Dex: 10    Spells: 2/5 levels left

rFire   . . .      SeeInvis .   a - +0 war axe
rCold   . . .      Faith    .   c - +1 buckler
rNeg    . . .      Spirit   .   b - +0 scale mail
rPois   .          Reflect  .   (no helmet)
rElec   .          Harm     .   (no cloak)
rCorr   .          Rampage  .   (no gloves)
Will    .....                   (no boots)
Stlth   ..........              (no amulet)
HPRegen 0.18/turn               (no ring)
MPRegen 0.10/turn               (no ring)

@: corroded
A: iridescent scales 1
a: Renounce Religion


You were on level 4 of the Dungeon.
You worshipped Beogh.
Beogh was aware of your devotion.
You visited 1 branch of the dungeon, and saw 4 of its levels.

You collected 188 gold pieces.
You spent 112 gold pieces at shops.

Inventory:

Hand Weapons
 a - a +0 war axe (weapon)
Missiles
 j - a throwing net (quivered)
Armour
 b - a +0 scale mail (worn)
 c - a +1 buckler (worn)
Wands
 e - a wand of digging (2)
 k - a wand of mindburst (12)
Scrolls
 f - 2 scrolls of enchant armour
 g - 4 scrolls of blinking
 h - a scroll of immolation {unknown}
 i - a scroll of teleportation
 p - a scroll of fog {unknown}
 q - a scroll of identify
 s - a scroll of enchant weapon {unknown}
Potions
 d - a potion of might
 l - a potion of mutation
 m - a potion of heal wounds {unknown}
 n - a potion of degeneration {unknown}
 o - 2 potions of attraction {unknown}
 r - a potion of curing {unknown}


   Skills:
 + Level 4.9 Fighting
 + Level 5.9 Axes
 + Level 4.2 Armour
 + Level 1.5 Dodging
 + Level 0.4 Stealth
 + Level 4.3 Shields


You had 2 spell levels left.
You knew the following spells:

 Your Spells              Type           Power      Damage    Failure   Level
a - Summon Guardian Gole  Hex/Summ       0%         N/A       99%         3

Your spell library contained the following spells:

 Spells                   Type           Power      Damage    Failure   Level
 Conjure Ball Lightning   Conj/Air       0%         3x3d6     100%        6
 Orb of Destruction       Conj           0%         9d5       100%        7
 Spellforged Servitor     Conj/Summ      0%         N/A       100%        7
 Discord                  Hex            0%         N/A       100%        8
 Disjunction              Tloc           0%         N/A       100%        8


Dungeon Overview and Level Annotations

Branches:
Dungeon (4/15)
 Temple: D:4-7

Altars:
Ru
Vehumet

Shops:
D:4 [??![


Innate Abilities, Weirdness & Mutations

You are partially covered in iridescent scales. (AC +2)


Message History

The kobold shouts!
The kobold hits you but does no damage.
A kobold is nearby!
The kobold closely misses you.
You slash the kobold!
You kill the kobold!
Beogh accepts your kill.
Things that are here:
a +0 short sword; 4 stones
Things that are here:
a +0 short sword; 4 stones You see here a ball python corpse.
A jelly comes into view.
A jelly is nearby!
The jelly quivers.
The jelly closely misses you. The jelly hits you but does no damage.
You slash the jelly! The acid corrodes you!
Your hands burn!
The jelly is moderately wounded.
You block the jelly's attack.
You hit the jelly.
Your hands burn!
The jelly is heavily wounded.
The jelly closely misses you. The jelly hits you.
You are splashed with acid.
You hit the jelly.
Your hands burn!
The jelly is heavily wounded.
The jelly hits you.
You are splashed with acid!
You hit the jelly.
Your hands burn!
The jelly is heavily wounded.
You block the jelly's attack.
You slash the jelly! The acid corrodes you!
Your hands burn!
The jelly is severely wounded.
The jelly hits you but does no damage. The jelly hits you.
The acid corrodes you!
You are splashed with acid!
You hit the jelly but do no damage.
Your hands burn!
* * * LOW HITPOINT WARNING * * *
The jelly is severely wounded.
The jelly hits you.
* * * LOW HITPOINT WARNING * * *
You are splashed with acid!
You die...

#.###.### #.......######..#.##
#.###.## #>.................##
#.##.#.## #..###).#####........
....###.# #..###..# ##....###
##.#<#.## #....#..######..#.###
#.##.## #.##.#..........#....
#.#### #.*#.#.########.##### #.#
#.##.#.# ##'## #.# #...@..#
##..[## #.## #######J###
##.∩...## #..## #........##
##.......##
##...#####(#####...####.........#
......<...............+..........
##...#####.###.#...####.........#
##..# #.###.##.## ##.......##
##.# #........# ##.....## #.#
#####.#### ##...##


You could see a jelly.

Vanquished Creatures
  A howler monkey (D:4)
  A jelly (D:4)
  3 hounds (D:4)
  An orc wizard (D:4)
  3 adders (D:2)
  3 gnolls (D:3)
  An ufetubus (D:3)
  3 worms (D:2)
  4 dart slugs
  3 orcs
  5 ball pythons
  5 bats
  7 endoplasms
  5 giant cockroaches
  8 hobgoblins
  7 jackals
  3 quokkas
  5 frilled lizards
  10 goblins
  7 kobolds
  5 rats
90 creatures vanquished.

Vanquished Creatures (others)
  Sigmund (D:3)
  A gnoll (D:3)
  A ball python (D:3)
  An endoplasm (D:3)
4 creatures vanquished.

Grand Total: 94 creatures vanquished

Notes
Turn   | Place    | Note
-------+----------+-------------------------------------------
     0 | D:1      | parzival7114810 the Hill Orc Fighter began the quest for
                  | the Orb.
     0 | D:1      | Reached XP level 1. HP: 19/19 MP: 1/1
   219 | D:1      | Reached XP level 2. HP: 13/27 MP: 2/2
   695 | D:1      | Reached skill level 3 in Axes
  1486 | D:1      | Found a faded altar of an unknown god.
  1561 | D:1      | Reached XP level 3. HP: 29/33 MP: 3/3
  2691 | D:2      | Reached XP level 4. HP: 27/40 MP: 4/4
  3381 | D:2      | Learned a level 3 spell: Summon Guardian Golem
  3496 | D:2      | Reached skill level 4 in Axes
  3737 | D:3      | Noticed Sigmund
  3740 | D:3      | Became a worshipper of Beogh the Brigand
  3745 | D:3      | Killed Sigmund
  3992 | D:3      | Reached XP level 5. HP: 23/47 MP: 5/5
  5654 | D:3      | Found a radiant altar of Vehumet.
  5655 | D:3      | You fall into a shaft and drop 1 floor!
  5745 | D:4      | Found Maci's Distillery.
  5753 | D:4      | Bought a potion of mutation for 112 gold pieces
  5753 | D:4      | Gained mutation: You are partially covered in iridescent
                  | scales. (AC +2) [potion of mutation]
  5824 | D:4      | Reached skill level 1 in Dodging
  5924 | D:4      | Found Coin's Antique Armour Boutique.
  5982 | D:4      | Found Luehir's Magic Scroll Shoppe.
  6015 | D:4      | Reached skill level 5 in Axes
  6137 | D:4      | Reached XP level 6. HP: 53/53 MP: 6/6
  6160 | D:4      | Reached * piety under Beogh
  6248 | D:4      | Found Janeclit's Magic Scroll Shoppe.
  6359 | D:4      | Found a sacrificial altar of Ru.
  6466 | D:4      | Found Emintuss's Armour Emporium.
  6726 | D:4      | Splashed by a jelly's acid

Illustrated notes

Levels and vault maps discovered:
D:1:      ebering_hopf_link, layout_loops_ring, shapermc_ecumenical_altar_petra,
          minmay_indecisive_spiral
D:2:      layout_loops_ring, minmay_vboxes
D:3:      layout_basic, nicolae_vehumet_altar_sigil, uniq_sigmund
D:4:      layout_loops_corners, mainiacjoe_overflow_tiny_flanked, serial_shops,
          shop, shop, shop, nicolae_shop_hallway_stairs, nicolae_shop_trees

Skill      XL: |  1  2  3  4  5 |
---------------+----------------+-----
Axes           | 3 4 5 |  5.9
Fighting       | 4 |  4.9
Shields        | 4 |  4.3
Armour         | 4 |  4.2
Dodging        | 1 |  1.5
Stealth        | |  0.4

Action                   |  1- 3 |  4- 6 || total
-------------------------+-------+-------++-------
Melee: War axe           |   114 |   164 ||   278
Invok: Convert to Beogh  |       |     1 ||     1
  Use: Scroll            |     2 |     5 ||     7
       Potion            |       |     3 ||     3
Armor: Scale mail        |    53 |    92 ||   145
Dodge: Dodged            |    63 |    94 ||   157
Block: Buckler           |    25 |    35 ||    60

Table legend: (Time is in decaauts)
 A = Elapsed time spent in this place.
 B = Non-inter-level travel time spent in this place.
 C = Inter-level travel time spent in this place.
 D = Time resting spent in this place.
 E = Time spent auto-exploring this place.
 F = Levels seen in this place.
 G = Mean time per level.
                   A        B        C        D        E       F      G
               +--------+--------+--------+--------+--------+-----+--------+
         Total |   6821 |   6756 |     65 |   2920 |   2879 |   4 | 1705.2 |
       Dungeon |   6821 |   6756 |     65 |   2920 |   2879 |   4 | 1705.2 |
               +--------+--------+--------+--------+--------+-----+--------+

Top non-repeatable levels by time:
     D:2: 2198 daAuts
     D:1: 1822 daAuts
     D:3: 1708 daAuts
     D:4: 1091 daAuts
